 Dungeon Crawl Stone Soup version 0.31-a0-246-g8cbcc1cb85 (webtiles) character file.

Game seed: 6062510478690654742

331 qw the Shooter (level 6, -2/52 HPs)
             Began as a Minotaur Hexslinger on July 12, 2023.
             Succumbed to a killer bee's poison
             ... on level 5 of the Dungeon.
             The game lasted 00:01:12 (2855 turns).

qw the Shooter (Minotaur Hexslinger)                Turns: 2855, Time: 00:01:12

Health: -2/52      AC:  5    Str: 13    XL:     6   Next: 26%
Magic:  6/6        EV: 12    Int: 10    God:
Gold:   229        SH:  0    Dex: 14    Spells: 6/7 levels left

rFire   + . .        Y - +2 sling
rCold   . . .        (no shield)
rNeg    . . .        j - +2 robe {rF+}
rPois   .            (helmet restricted)
rElec   .            (no cloak)
rCorr   .            d - +0 pair of gloves
SInv    .            (no boots)
Will    .....        f - amulet of regeneration
Stlth   +            (no ring)
HPRegen 1.08/turn    (no ring)
MPRegen 0.10/turn

%: no passive effects
@: lethally poisoned (-2 -> -19)
A: horns 2, retaliatory headbutt
a: no special abilities


You were on level 5 of the Dungeon.
You visited 1 branch of the dungeon, and saw 5 of its levels.

You collected 229 gold pieces.


Innate Abilities, Weirdness & Mutations

You have a pair of horns on your head.
You reflexively headbutt those who attack you in melee.


   Skills:
 + Level 3.7 Fighting
 - Level 6.4 Ranged Weapons
 - Level 1.0 Armour
 - Level 2.1 Dodging
 - Level 1.0 Spellcasting
 - Level 2.0 Hexes


You had 6 spell levels left.
You knew the following spells:

 Your Spells              Type           Power      Damage    Failure   Level
a - Slow                  Hex            16%        N/A       16%         1

Your spell library contained the following spells:

 Spells                   Type           Power      Damage    Failure   Level
 Inner Flame              Hex/Fire       2%         N/A       56%         3
 Portal Projectile        Hex/Tloc       4%         N/A       56%         3
 Cause Fear               Hex            2%         N/A       83%         4

Inventory:

Hand Weapons
 Y - a +2 sling (weapon)
Armour
 d - a +0 pair of gloves (worn)
 j - a +2 robe of fire resistance (worn)
Jewellery
 f - an amulet of regeneration (around neck)
Scrolls
 h - a scroll of identify
Potions
 a - a potion of haste
 c - a potion of berserk rage {unknown}

Dungeon Overview and Level Annotations

Branches:
Dungeon (5/15)
 Temple: D:4-7

Altars:
Fedhas

Shops:
D:1 !


Message History

2851 ||| DRINKING 2 potions of heal wounds.
You feel much better.
You feel sick. The killer bee stings you. The killer bee misses you.
You furiously retaliate!
You headbutt the killer bee! The killer bee stings you.
The killer bee stings you but does no damage.
The killer bee barely misses you.
The killer bee stings you but does no damage.
The killer bee barely misses you. You furiously retaliate!
You headbutt the killer bee.
The killer bee stings you but does no damage.
2852 ||| DRINKING potion of heal wounds.
You feel much better.
You feel sick. The killer bee stings you. The killer bee closely misses you.
The killer bee stings you but does no damage. x2
The killer bee closely misses you. The killer bee misses you.
The killer bee stings you but does no damage.
The killer bee stings you.
You are more poisoned.
The killer bee poisons you!
You shoot a sling bullet. The sling bullet misses the killer bee.
You feel very sick. The killer bee misses you. The killer bee stings you. x2
The killer bee closely misses you. The killer bee misses you. x2
The killer bee closely misses you. The killer bee barely misses you.
You furiously retaliate!
You headbutt the killer bee. You shoot a sling bullet.
The sling bullet closely misses the killer bee.
You feel sick.
The killer bee stings you but does no damage.
The killer bee stings you. The killer bee completely misses you.
You furiously retaliate!
You headbutt the killer bee. The killer bee stings you.
You are lethally poisoned!
The killer bee poisons you! The killer bee stings you.
You are more poisoned.
The killer bee poisons you!
The killer bee stings you but does no damage.
The killer bee closely misses you. The killer bee completely misses you.
You shoot a sling bullet. The sling bullet hits the killer bee.
You kill the killer bee!
You die...

..... ....#
....#.
###......
#......##
#l.......
##yy......
##.@%..##
#.<.y...#
#..........
#...(..#...
...........
............
.......####..
######### ##


You could see an iguana and 3 killer bees.

Vanquished Creatures
  Eustachio (D:4)
  A killer bee (D:5)
  A hound (D:4)
  3 adders
  6 gnolls (D:4)
  A worm (D:2)
  3 dart slugs
  5 endoplasms
  2 giant cockroaches
  13 goblins
  5 hobgoblins
  3 jackals (D:2)
  4 quokkas
  10 ball pythons
  4 bats
  4 frilled lizards
  6 kobolds
  3 rats
75 creatures vanquished.

Notes
Turn   | Place    | Note
-------+----------+-------------------------------------------
     0 | D:1      | qw the Minotaur Hexslinger began the quest for the Orb.
     0 | D:1      | Reached XP level 1. HP: 16/16 MP: 1/1
     0 | D:1      | 0 ||| qw: Version: 0.3-a-52-g30416fa
     0 | D:1      | 0 ||| qw: Game counter: 6269
     0 | D:1      | 0 ||| qw: Melee chars always use a shield: true
     0 | D:1      | 0 ||| qw: God list: Okawaru
     0 | D:1      | 0 ||| qw: Allow faded altars: false
     0 | D:1      | 0 ||| qw: Do Orc after clearing Dungeon:15 true
     0 | D:1      | 0 ||| qw: Do second Lair branch before Depths: true
     0 | D:1      | 0 ||| qw: Lair rune preference: random
     0 | D:1      | 0 ||| qw: Goals: Normal
     0 | D:1      | 0 ||| PLANNING D:1-11
    58 | D:1      | Reached skill level 3 in Ranged Weapons
    67 | D:1      | Reached XP level 2. HP: 23/23 MP: 2/2
   403 | D:1      | Reached XP level 3. HP: 28/29 MP: 3/3
   406 | D:1      | 406 ||| FLEEEEING.
   408 | D:1      | Found Wiar's Distillery.
   409 | D:1      | 409 ||| FLEEEEING.
   426 | D:1      | 426 ||| SHOPLISTING 3 potions of curing (90 gold, have 3).
   426 | D:1      | 426 ||| SHOPLISTING potion of curing (30 gold, have 3).
   426 | D:1      | 426 ||| SHOPLISTING potion of haste (100 gold, have 3).
   426 | D:1      | 426 ||| SHOPLISTING potion of heal wounds (50 gold, have
                  | 3).
   609 | D:1      | 609 ||| UPGRADING to amulet of guardian spirit.
   614 | D:1      | 614 ||| READING 2 scrolls labelled BOSADO QOKKINT.
   615 | D:1      | 615 ||| READING scroll labelled JOQ KEIXAXZI.
   616 | D:1      | 616 ||| READING scroll labelled HOXEKE FELE.
   617 | D:1      | 617 ||| READING scroll labelled WUOFEM PIASU.
   618 | D:1      | 618 ||| DRINKING 2 golden potions.
   619 | D:1      | 619 ||| DROPPING scroll of summoning.
   620 | D:1      | 620 ||| DROPPING scroll of poison.
   621 | D:1      | 621 ||| DROPPING potion of degeneration.
   887 | D:2      | Reached skill level 4 in Ranged Weapons
  1165 | D:2      | Reached XP level 4. HP: 34/36 MP: 4/4
  1313 | D:2      | 1313 ||| UPGRADING to +0 ring mail.
  1323 | D:2      | 1323 ||| DROPPING +0 robe.
  1324 | D:2      | 1324 ||| READING scroll labelled ONTIXO RUUMUS.
  1325 | D:2      | 1325 ||| READING scroll labelled ZIZADYNUSCH.
  1510 | D:3      | 1510 ||| FLEEEEING.
  1545 | D:3      | Reached skill level 1 in Armour
  1545 | D:3      | Found a blossoming altar of Fedhas.
  1876 | D:3      | 1876 ||| UPGRADING to amulet of regeneration.
  1886 | D:3      | 1886 ||| DROPPING amulet of guardian spirit.
  1887 | D:3      | 1887 ||| READING scroll labelled DOB DUUFESIOMI.
  1888 | D:3      | 1888 ||| READING scroll labelled KEINUCKA ICSI.
  1889 | D:3      | 1889 ||| READING scroll labelled LAUTO ADOEN.
  1890 | D:3      | 1890 ||| DRINKING 2 red potions.
  2226 | D:4      | Reached skill level 5 in Ranged Weapons
  2235 | D:4      | Reached skill level 3 in Fighting
  2235 | D:4      | Reached XP level 5. HP: 41/45 MP: 5/5
  2290 | D:4      | Noticed Eustachio
  2319 | D:4      | Killed Eustachio
  2320 | D:4      | Reached skill level 6 in Ranged Weapons
  2320 | D:4      | Reached XP level 6. HP: 51/51 MP: 6/6
  2697 | D:4      | 2697 ||| UPGRADING to +0 pair of gloves.
  2702 | D:4      | 2702 ||| UPGRADING to +2 robe of fire resistance.
  2712 | D:4      | 2712 ||| DROPPING +0 ring mail.
  2713 | D:4      | 2713 ||| READING scroll labelled LAFOGG FAULIAT.
  2714 | D:4      | 2714 ||| READING 3 scrolls labelled BEMEAPR HEIWOU.
  2815 | D:4      | 2815 ||| READING 2 scrolls of identify.
  2815 | D:4      | 2815 ||| IDENTIFYING grey potion
  2816 | D:4      | 2816 ||| DROPPING 2 scrolls of silence.
  2842 | D:5      | Entered Level 5 of the Dungeon
  2850 | D:5      | HP: 6/52 [killer bee (8)]
  2851 | D:5      | 2851 ||| DRINKING 2 potions of heal wounds.
  2852 | D:5      | 2852 ||| DRINKING potion of heal wounds.
  2855 | D:5      | Succumbed to a killer bee's poison

Levels and vault maps discovered:
D:1:      lemuel_arrival_muddy, layout_basic, serial_shops, shop
D:2:      layout_basic
D:3:      layout_basic, fedhas_altar_3
D:4:      layout_basic, uniq_eustachio
D:5:      layout_rooms

Skill      XL: |  1  2  3  4  5 |
---------------+----------------+-----
Ranged Weapons | 3 4 5 6 |  6.4
Fighting       | 2 3 |  3.7
Armour         | 1 |  1.0
Dodging        | |  2.1
Spellcasting   | |  1.0
Hexes          | |  2.0

Action                     |  1- 3 |  4- 6 || total
---------------------------+-------+-------++-------
  Melee: Unarmed           |       |     7 ||     7
   Fire: Sling             |   133 |    94 ||   227
    Use: Scroll            |     4 |     8 ||    12
         Potion            |     1 |     3 ||     4
 Armour: Robe              |    14 |    11 ||    25
         Ring mail         |       |     5 ||     5
         Skin              |       |     2 ||     2
  Dodge: Dodged            |    55 |    62 ||   117

Table legend:
 A = Non-vault XP
 B = Vault XP
 C = Vault XP percentage of total XP
 D = Non-vault monster count
 E = Vault monster count
 F = Vault count percentage of total count
                 A         B        C        D         E       F
            +---------+---------+-------+---------+---------+-------
      Total |     341 |     196 |  36.5 |      74 |       1 |   1.3
            +---------+---------+-------+---------+---------+-------
        D:1 |      54 |       0 |   0.0 |      31 |       0 |   0.0
        D:2 |      44 |       0 |   0.0 |      17 |       0 |   0.0
        D:3 |      31 |       0 |   0.0 |      11 |       0 |   0.0
        D:4 |     149 |     196 |  56.8 |      14 |       1 |   6.7
        D:5 |      63 |       0 |   0.0 |       1 |       0 |   0.0
            +---------+---------+-------+---------+---------+-------
